Map: Acropolis LE

Players

Gerald

  • Race: Protoss Protoss
  • Spawn Location: 11:00

Nerchio - Winner!

  • Race: Zerg Zerg
  • Spawn Location: 5:00

Event: 2019 WCS Summer

VOD

Have the link to the VOD?

Description

Time

  • Played on: July 13, 2019, 6:55 a.m.
  • Length: 10:39

All games in this series

Show
View Real Time Build Order
Export as new Build Order

Gerald Protoss 

Build Orders: 1 Gate Expand, Oracle Opening, Zealot Archon 

Get SALT Encoding   

  12  0:00  Probe  
  13  0:12  Probe  
  14  0:20  Pylon  
  14  0:25  Probe  
  15  0:29  Assimilator  
  15  0:35  Probe  
  16  0:43  Probe  
  16  0:45  Gateway  
  17  0:52  Probe  
  18  1:04  Probe  
  19  1:16  Probe  
  20  1:23  Nexus  
  20  1:31  Cybernetics Core  
  20  1:34  Probe  
  20  1:39  Assimilator  
  21  1:46  Probe  
  22  1:52  Pylon  
  22  1:58  Probe  
  23  2:01  Adept  
  23  2:11  Stargate  
  23  2:14  Probe  
  26  2:21  Warp Gate  
  26  2:24  Stalker  
  26  2:26  Probe  
  27  2:37  Probe  
  30  2:38  Probe  
  31  2:49  Probe, Oracle  
  31  2:50  Probe  
  35  3:01  Probe  
  35  3:03  Probe  
  38  3:06  Adept  
  40  3:13  Probe, Pylon  
  40  3:15  Probe  
  42  3:23  Gateway  
  42  3:25  Probe  
  43  3:27  Oracle  
  43  3:30  Probe  
  47  3:37  Probe  
  48  3:42  Probe  
  48  3:46  Assimilator  
  49  3:49  Assimilator, Pylon  
  49  3:52  Probe  
  49  3:54  Probe  
  51  4:00  Pylon  
  51  4:01  Twilight Council  
  51  4:04  Probe  
  51  4:06  Probe  
  51  4:09  Robotics Facility  
  53  4:16  Probe  
  54  4:18  Probe  
  54  4:22  Gateway x2  
  55  4:25  Adept  
  55  4:26  Adept  
  55  4:28  Probe  
  60  4:32  Probe  
  61  4:40  Probe  
  61  4:44  Probe  
  61  4:55  Probe  
  61  4:59  Adept x2  
  64  5:03  Probe  
  65  5:08  Warp Prism  
  67  5:15  Templar Archives  
  67  5:16  Pylon  
  67  5:27  Charge  
  64  5:34  Probe, Pylon  
  66  5:38  Gateway  
  66  5:39  Gateway  
  65  5:44  Immortal  
  69  5:50  Pylon  
  69  5:51  Pylon  
  66  6:05  Probe  
  66  6:09  Zealot x4  
  75  6:16  Nexus  
  75  6:17  Immortal, Gateway x2  
  75  6:30  High Templar x2  
  75  6:31  High Templar x2  
  87  6:35  Pylon  
  87  6:37  Archon x2  
  87  6:38  Zealot  
  87  6:39  Zealot  
  88  7:04  Probe  
  81  7:10  Zealot, High Templar x4  
  81  7:11  Zealot  
  81  7:13  Observer, Probe  
  94  7:16  Probe  
  96  7:25  Archon x2  
  96  7:26  Zealot x2  
  96  7:28  Probe  
  101  7:32  Assimilator  
  101  7:34  Phoenix  
  101  7:35  Assimilator  
  101  7:42  Stalker  
  101  7:43  Stalker, Warp Prism  
  103  7:45  Stalker x2  
  103  7:51  Stalker x2  
  111  7:52  Probe  
  111  7:57  Probe  
  110  8:03  Probe  
  111  8:05  Probe  
  112  8:13  Shield Battery  
  112  8:14  Zealot x2  
  112  8:19  Pylon  
  116  8:20  Pylon  
  116  8:21  Pylon  
  116  8:22  Pylon  
  116  8:24  Shield Battery  
  111  8:41  High Templar  
  111  8:42  Zealot, High Templar x3  
  111  8:43  Zealot x3  
  111  8:44  Immortal  
  111  8:45  Archon  
  111  8:46  Archon  
  111  8:47  Phoenix  
Show
View Real Time Build Order
Export as new Build Order

Nerchio Zerg - Winner!

Build Orders: Hatch First 

Get SALT Encoding   

  12  0:00  Drone  
  13  0:12  Overlord  
  13  0:16  Drone  
  14  0:31  Drone x2  
  16  0:47  Hatchery  
  15  0:50  Drone  
  15  0:53  Drone  
  17  0:57  Drone  
  18  1:07  Extractor  
  17  1:13  Spawning Pool  
  17  1:15  Drone  
  17  1:18  Drone  
  18  1:28  Drone  
  19  1:38  Drone  
  20  1:52  Overlord  
  20  1:59  Queen x2  
  20  2:00  Zergling x4  
  26  2:07  Metabolic Boost  
  26  2:09  Drone  
  26  2:11  Drone  
  28  2:20  Drone  
  29  2:23  Drone  
  30  2:33  Hatchery  
  30  2:35  Drone  
  30  2:38  Drone  
  30  2:44  Drone  
  32  2:45  Overlord  
  32  2:51  Queen  
  32  2:54  Drone  
  35  3:01  Drone  
  36  3:08  Drone x4  
  36  3:09  Drone  
  41  3:13  Overlord  
  41  3:18  Drone  
  42  3:23  Lair, Spore Crawler  
  42  3:25  Drone  
  42  3:35  Zergling x4  
  42  3:40  Extractor, Roach Warren  
  42  3:41  Drone  
  43  3:45  Drone x3  
  43  3:46  Drone  
  47  3:50  Extractor  
  47  3:51  Zergling x2  
  47  3:54  Zergling x2  
  49  3:55  Drone  
  49  3:56  Drone  
  49  3:58  Drone x2  
  49  4:00  Drone  
  53  4:04  Overlord  
  53  4:08  Drone x2  
  55  4:17  Spore Crawler  
  55  4:20  Drone x4, Spore Crawler  
  55  4:24  Drone x2  
  59  4:28  Queen  
  59  4:30  Drone  
  62  4:34  Drone  
  62  4:35  Drone  
  64  4:39  Zergling x4  
  64  4:44  Zergling x2  
  64  4:45  Overlord  
  66  4:49  Zergling x4  
  63  4:57  Zergling x10  
  63  5:00  Drone x2  
  63  5:03  Overlord  
  63  5:04  Drone  
  63  5:05  Drone  
  67  5:07  Drone  
  67  5:13  Drone x2  
  67  5:18  Drone  
  67  5:22  Extractor, Spire  
  67  5:23  Drone x2  
  67  5:24  Drone x2  
  67  5:26  Drone  
  67  5:28  Drone  
  67  5:34  Drone x2  
  70  5:35  Drone x2  
  70  5:38  Drone  
  70  5:39  Drone, Glial Reconstitution  
  70  5:42  Extractor  
  72  5:45  Overlord  
  72  5:48  Overlord  
  72  5:49  Overlord  
  69  6:05  Extractor, Overlord  
  68  6:14  Hatchery, Roach x7  
  68  6:15  Roach  
  83  6:22  Roach x3  
  89  6:40  Mutalisk  
  89  6:41  Mutalisk x6  
  89  6:43  Mutalisk  
  105  6:52  Mutalisk  
  106  6:54  Overlord x2  
  100  7:04  Drone x6  
  100  7:07  Drone x2  
  106  7:12  Zerg Flyer Weapons Level 1  
  106  7:14  Drone  
  106  7:15  Drone x4  
  110  7:21  Roach x2  
  110  7:22  Hatchery, Roach  
  116  7:28  Roach x3  
  122  7:32  Overlord  
  122  7:41  Overlord  
  120  7:45  Overlord x3  
  120  7:56  Mutalisk  
  122  8:03  Mutalisk  
  122  8:04  Mutalisk x7  
  138  8:11  Mutalisk x2  
  142  8:21  Overlord x2  
  142  8:26  Drone x2  
  142  8:27  Evolution Chamber  
  145  8:30  Roach x4  
  145  8:33  Overlord x2  
  153  8:40  Roach x6  
  165  8:48  Roach  
  165  8:49  Roach x3  
  165  8:55  Roach x3  
  171  9:03  Roach x4  
  163  9:13  Roach x5  
  90  10:35  Hatchery  
Tags
 
Add a new tag
Caveats
  • Supply blocks, unpowered buildings, or Contaminate may cause inaccurate times.
  • Supply counts are checked every 10 seconds.